AoeStats
← Don John

Arena

509503895Analyzed
1v1 RM · 5d ago on Sep 27, 2026· 26m 44s· 2 players
Game mode
Random Map
Map size
Tiny (2 player)
Population
200
Speed
Normal
Resources
Standard
Victory
Conquest
Starting age
Dark Age
Ending age
Imperial Age
RankedLock teamsTeams togetherTeam positionsShared explorationLock speedFull tech treeHidden civsTurbo modeCheats
Victory
Defeat
🇦🇷 Turks · Argentina
980
+17
🇩🇪 Franks · Germany
1004
-17
Don John
11:20 Feudal Age
10:03 Loom
15:37 Castle Age
16:33 Double-Bit Axe
16:30 Horse Collar
18:08 Padded Archer Armor
24:33 Leather Archer Armor
azizbenhammadirma
11:06 Feudal Age
15:17 Castle Age
13:40 Double-Bit Axe
16:56 Bow Saw
18:51 Fletching
Connection lost

Rejoining the realm…

Still unreachable

The connection could not be restored.

Session expired

The server has moved on; the page needs a fresh start.